 Dungeon Crawl Stone Soup version 0.26.1-11-gd32895ea62 (webtiles) character file.

Game seed: 8418697085398240103

1519 ubername the Ruffian (level 8, -5/72 HPs)
             Began as a Troll Arcane Marksman on July 15, 2021.
             Was a Believer of Okawaru.
             Slain by an unseen horror (11 damage)
             ... on level 6 of the Dungeon.
             The game lasted 00:17:10 (5176 turns).

ubername the Ruffian (Troll Arcane Marksman)        Turns: 5176, Time: 00:17:11

Health: -5/72      AC:  6    Str: 19    XL:     8   Next: 54%
Magic:  11/11      EV: 11    Int: 10    God:    Okawaru [**....]
Gold:   433        SH:  0    Dex: 11    Spells: 5/12 levels left

rFire    . . .     SeeInvis .     - Unarmed
rCold    . . .     Faith    .   (no shield)
rNeg     . . .     Spirit   .   a - +0 robe
rPois    .         Reflect  .   (helmet restricted)
rElec    .         Harm     .   (no cloak)
rCorr    .         Rampage  .   (gloves unavailable)
Will     .....                  (boots unavailable)
Stlth    +.........             t - amulet of regeneration
HPRegen  1.02/turn              (no ring)
MPRegen  0.12/turn              (no ring)

@: about to teleport
A: large, unfitting armour, claws 3, regeneration 1, shaggy fur 1, tough skin 3
a: Renounce Religion, Heroism


You were on level 6 of the Dungeon.
You worshipped Okawaru.
Okawaru was pleased with you.
You visited 2 branches of the dungeon, and saw 8 of its levels.

You collected 433 gold pieces.

Inventory:

Missiles
 c - 2 large rocks (quivered)
 f - 225 stones
 i - 2 javelins
 s - 37 poisoned darts
 v - 10 boomerangs
Armour
 a - a +0 robe (worn)
Jewellery
 d - a cursed ring of attention {unknown}
 p - a cursed ring of teleportation {unknown}
 r - a cursed ring of attention {unknown}
 t - an amulet of regeneration (around neck)
Scrolls
 b - a scroll of identify
 g - a scroll of enchant armour
 h - 3 scrolls of remove curse
 k - a scroll of enchant weapon
 m - a scroll of magic mapping
 o - a scroll of amnesia
 q - 2 scrolls of fear
 w - 2 scrolls of teleportation
Potions
 e - 2 potions of berserk rage
 j - 2 potions of flight
 l - 4 potions of curing
 n - a potion of ambrosia {unknown}
 x - a potion of cancellation


   Skills:
 + Level 1.8 Fighting
 + Level 3.8 Throwing
 + Level 3.4 Dodging
 + Level 0.9 Stealth
 * Level 5.5 Unarmed Combat
 + Level 2.9 Spellcasting
 + Level 3.8 Hexes


You had 5 spell levels left.
You knew the following spells:

 Your Spells              Type           Power        Failure   Level
a - Corona                Hex            10%          6%          1
b - Portal Projectile     Hex/Tloc       10%          36%         3
c - Inner Flame           Hex/Fire       5%           36%         3

Your spell library contained the following spells:

 Spells                   Type           Power        Failure   Level
 Slow                     Hex            9%           9%          2
 Summon Small Mammal      Summ           4%           28%         1
 Summon Guardian Golem    Hex/Summ       5%           36%         3
 Call Imp                 Summ           1%           41%         2
 Cause Fear               Hex            4%           50%         4
 Call Canine Familiar     Summ           1%           65%         3
 Leda's Liquefaction      Hex/Erth       2%           78%         4
 Summon Ice Beast         Ice/Summ       1%           96%         4
 Summon Lightning Spire   Summ/Air       1%           96%         4


Dungeon Overview and Level Annotations

Branches:
Dungeon (7/15)             Temple (1/1) D:4

Altars:
Ashenzari
Cheibriados
Elyvilon
Hepliaklqana
Nemelex Xobeh
Okawaru
Qazlal
Sif Muna
Trog
Uskayaw
Yredelemnul
The Shining One

Shops:
D:5 [


Innate Abilities, Weirdness & Mutations

You are too large for most types of armour.
You have claws for hands.
Your natural rate of healing is unusually fast.
You are covered in fur. (AC +1)
You have extremely tough skin. (AC +3)


Message History

You miss something. Something hits you. Something hits you. Something hits you.
Something hits you.
You claw something! Something hits you. Something hits you.
Something hits you but does no damage. Something hits you.
Something hits you. x2
Something hits you.
* * * LOW HITPOINT WARNING * * *
Something hits you!
* * * LOW HITPOINT WARNING * * *
Okay, then.
Unknown command.
As you read the scroll of teleportation, it crumbles to dust.
You feel strangely unstable. Something hits you but does no damage.
Something hits you!
* * * LOW HITPOINT WARNING * * *
Something hits you!
You die...

....................#####
..................#.##
.....................#.##
...#.................#..
...#....................
......#.##..........##.##
...###...###.#......##..##
......#..###.##......#...#
.....##...##....@........##
.###.###.##...#.##........#
.##..#....##.####....#....#
>###......#...###.#####.###
.......##.#.....#.# ###..##
.......#..........# #.....#
............#.....####....##
.........####......#.......#
................##.#.......#


There were no monsters in sight!

Vanquished Creatures
  A water moccasin (D:6)
  2 ice beasts
  2 sky beasts
  3 ogres
  A black bear (D:6)
  A phantom (D:6)
  2 centaurs
  2 hounds
  An orc wizard (D:6)
  4 iguanas
  A worker ant (D:5)
  Robin (D:2)
  6 adders
  4 gnolls (D:5)
  6 ufetubi
  2 oozes
  A worm (D:3)
  4 leopard geckos
  10 orcs
  2 ball pythons
  3 giant cockroaches
  16 goblins
  12 hobgoblins
  2 jackals (D:6)
  4 quokkas
  8 bats
  16 frilled lizards
  7 kobolds
  A leopard gecko skeleton (D:6)
  A leopard gecko zombie (D:6)
  5 rats
131 creatures vanquished.

Vanquished Creatures (others)
  9 plants (D:3)
9 creatures vanquished.

Grand Total: 140 creatures vanquished

Notes
Turn   | Place    | Note
-------+----------+-------------------------------------------
     0 | D:1      | ubername the Troll Arcane Marksman began the quest for the
                  | Orb.
     0 | D:1      | Reached XP level 1. HP: 18/18 MP: 1/1
    52 | D:1      | Reached skill level 1 in Fighting
    64 | D:1      | Reached XP level 2. HP: 26/27 MP: 2/2
   526 | D:1      | Reached XP level 3. HP: 33/33 MP: 1/3
   722 | D:2      | Learned a level 3 spell: Portal Projectile
   831 | D:2      | Noticed Robin
   902 | D:2      | Killed Robin
   903 | D:2      | Reached XP level 4. HP: 38/41 MP: 5/5
  1263 | D:2      | Reached skill level 1 in Unarmed Combat
  2440 | D:3      | Reached XP level 5. HP: 46/48 MP: 3/6
  2516 | D:3      | Found an iron altar of Okawaru.
  2818 | D:4      | Learned a level 3 spell: Inner Flame
  3059 | D:4      | Reached XP level 6. HP: 47/55 MP: 5/8
  3181 | D:4      | Found a staircase to the Ecumenical Temple.
  3205 | Temple   | Entered the Ecumenical Temple
  3316 | D:3      | Became a worshipper of Warmaster Okawaru
  3379 | D:5      | Entered Level 5 of the Dungeon
  3379 | D:5      | Found Duwoesm's Armour Emporium.
  3534 | D:5      | Noticed a sky beast
  3540 | D:5      | Killed a sky beast
  3541 | D:5      | Reached skill level 2 in Unarmed Combat
  3752 | D:5      | Reached XP level 7. HP: 51/62 MP: 9/9
  3876 | D:5      | Reached * piety under Okawaru
  3877 | D:5      | Reached skill level 3 in Unarmed Combat
  4574 | D:5      | Reached skill level 4 in Unarmed Combat
  4574 | D:5      | Reached XP level 8. HP: 70/70 MP: 11/11
  4638 | D:6      | Found a hide-covered altar of Uskayaw.
  4638 | D:6      | Found a sparkling altar of Nemelex Xobeh.
  4639 | D:6      | Found a bloodstained altar of Trog.
  4669 | D:6      | Reached ** piety under Okawaru
  4827 | D:6      | Reached skill level 5 in Unarmed Combat
  4845 | D:6      | Found a basalt altar of Yredelemnul.
  5176 | D:6      | Slain by an unseen horror

Illustrated notes

Levels and vault maps discovered:
D:1:      ncdulo_watergridlock, layout_basic, chequers_serial_rivers_small_3,
          st_stairs_2
D:2:      layout_basic, chequers_serial_rivers_micro_a, uniq_robin
D:3:      layout_loops_ring, okawaru_trees_1, minmay_lizard_king
D:4:      layout_basic, gammafunk_temple_overflow_pools,
          minmay_temple_entry_large_hall
D:5:      layout_gridville, serial_shops, shop
D:6:      layout_cave_pools, nicolae_overflow_quartered_altars
D:7:      layout_cave_pools, serial_shops,
          nicolae_shop_competitors_out_of_business, kennysheep_generic_room_12,
          uniq_pikel, uniq_joseph, uniq_crazy_yiuf_cottage
Temple:   eino_temple_water

Skill      XL: |  1  2  3  4  5  6  7  8 |
---------------+-------------------------+-----
Fighting       | 1 |  1.8
Throwing       | 2 3 |  3.8
Unarmed Combat | 1 2 4 5 |  5.5
Hexes          | 3 |  3.8
Spellcasting   | 2 |  2.9
Dodging        | 2 3 |  3.4
Stealth        | |  0.9

Action                   |  1- 3 |  4- 6 |  7- 9 || total
-------------------------+-------+-------+-------++-------
Melee: Unarmed           |    69 |   130 |   148 ||   347
       Punch             |       |       |     2 ||     2
Throw: Large rock        |    34 |    63 |    22 ||   119
       Throwing net      |     3 |     2 |     1 ||     6
       Stone             |     1 |     4 |     2 ||     7
 Cast: Corona            |    19 |    39 |    27 ||    85
  Use: Scroll            |       |    12 |     1 ||    13
       Potion            |       |     2 |     1 ||     3
 Stab: Held in net/web   |     1 |       |       ||     1
       Sleeping          |     1 |       |       ||     1
Armor: Robe              |    19 |    49 |    80 ||   148
Dodge: Dodged            |    36 |    98 |   128 ||   262
